 Dungeon Crawl Stone Soup version 0.25-a0-513-ge77a692 (webtiles) character file.

Game seed: 19193478651666933, levelgen mode: deterministic

13545 wolfsongas the Unseen (level 12, -2/96 HPs)
             Began as an Octopode Assassin on Feb 15, 2020.
             Was a High Priest of Trog.
             Killed from afar by a deep elf mage (11 damage)
             ... with a magic dart
             ... on level 12 of the Dungeon.
             The game lasted 00:26:32 (11729 turns).

wolfsongas the Unseen (Octopode Assassin)          Turns: 11729, Time: 00:26:32

Health: -2/96      AC:  3    Str: 12    XL:     12   Next: 7%
Magic:  35/35      EV: 13    Int: 14    God:    Trog [*****.]
Gold:   571        SH:  5    Dex: 16    Spells: 11/11 levels left

rFire    + . .     SeeInvis .   y - +7 quick blade (vorpal)
rCold    . . .     Gourm    .   o - +1 buckler
rNeg     . . .     Faith    .   (helmet restricted)
rPois    .         Spirit   .   (no amulet)
rElec    .         Reflect  .   i - ring of magical power
rCorr    .         Harm     .   k - ring of magical power
MR       .....                  (no ring)
Stlth    +++++++...             (no ring)
HPRegen  0.26/turn              (no ring)
MPRegen  0.24/turn              (no ring)
                                (no ring)
                                (no ring)

@: no status effects
A: almost no armour, stealthy swim, amphibious, 8 rings, constrict 8, iridescent
scales 1, camouflage 1, fire resistance 1, robust 1, gelatinous body 1,
MP-powered wands
a: Berserk, Trog's Hand, Brothers in Arms, Renounce Religion


You were on level 12 of the Dungeon.
You worshipped Trog.
Trog was extremely pleased with you.
You were near starving.

You visited 1 branch of the dungeon, and saw 12 of its levels.

You collected 571 gold pieces.

Inventory:

Hand Weapons
 a - the +5 scythe "Finisher" {speed, eviscerate}
   (You found it on level 8 of the Dungeon)

   Attacks with this weapon are significantly faster.
 y - a +7 vorpal quick blade (weapon)
Missiles
 b - 63 poisoned darts (quivered)
 c - 11 curare-tipped darts
Armour
 o - a +1 buckler (worn)
Jewellery
 i - a ring of magical power (left tentacle)
 k - a ring of magical power (right tentacle)
Wands
 j - a wand of flame (19)
 r - a wand of iceblast (2)
 s - a wand of disintegration (15)
 t - a wand of paralysis (13)
 u - a wand of enslavement (7)
 v - a wand of polymorph (35)
Scrolls
 l - 10 scrolls of remove curse
Potions
 d - 4 potions of might
 e - a potion of ambrosia
 f - 4 potions of curing
 g - 3 potions of heal wounds
 h - a potion of agility
 m - 3 potions of mutation
 n - a potion of cancellation
 p - 2 potions of berserk rage
 w - 2 potions of magic
 x - a potion of invisibility {unknown}
 z - 4 potions of flight
 A - a potion of brilliance
 B - a potion of haste
Comestibles
 q - 13 rations


   Skills:
 + Level 10.4 Fighting
 + Level 10.3 Short Blades
 - Level 2.0 Throwing
 - Level 1.7 Dodging
 - Level 15.0 Stealth
 - Level 1.9 Shields
 * Level 7.1 Evocations


You had 11 spell levels left.
You didn't know any spells.
Your spell library was empty.

Dungeon Overview and Level Annotations

Branches:
Dungeon (12/15)            Temple (0/1) D:4             Orc (0/2) D:9
   Lair: D:8-11

Altars:
Dithmenos
Elyvilon
Makhleb
Nemelex Xobeh
Okawaru
Ru
Sif Muna
Trog
Vehumet
Xom
The Shining One

Shops:
D:6 =[!

Annotations:
D:8 3 runed translucent doors, LobsterGuardian's ghost, novice TeCj
D:11 Gastronok
D:12 3 runed translucent doors


Innate Abilities, Weirdness & Mutations

You cannot wear most types of armour.
You are very stealthy in the water. (Stealth+)
You are amphibious.
You can wear up to eight rings at the same time.
You can use your tentacles to constrict eight enemies at once.
Your skin changes colour to match your surroundings (Stealth+).
Your rubbery body absorbs attacks. (AC +1, EV +1)
You are partially covered in iridescent scales. (AC +2)
Your flesh is heat resistant. (rF+)
You are robust. (+10% HP)
You expend magic power (3 MP) to strengthen your wands.


Message History

Deactivating autopickup; reactivate with Ctrl-A.
You puncture something!
The centaur warrior shouts!
You hear a shout! x3
The deep elf mage shouts!
You hit something. Trog accepts your kill.
Reactivating autopickup.
You feel a bit more experienced.
You hear a horrible gurgling sound!
The centaur warrior wields a +2 longbow of freezing.
It is covered in frost.
The centaur warrior shoots an arrow.
The arrow hits you!! The arrow freezes you.
A tengu warrior comes into view. It is wielding a +0 great mace.
The centaur warrior shoots an arrow.
The arrow hits you!!
* * * LOW HITPOINT WARNING * * *
The arrow freezes you.
* * * LOW HITPOINT WARNING * * *
The deep elf mage points at you and mumbles some strange words.
The magic dart hits you!
You die...

.....#.†..........#######
.....##......#....#######.
#..###.#...#.+DD5+.# #
##.# . #....##FoW### ##
#.## #.#.###JYO## ##. ##.
...#.# #CHe## #.†
......#.# ##+### ##..
#.....#.# .#.### #... ...
#@# ##.# #... #(# .# #...
#...........# #...
##..#..e#..## .# #... ##
c###Q ## .. ##.. .# #. #.
#.. # ## ## #. #.. #
#.###.. # #.....


You could see a tengu warrior, a centaur warrior and a deep elf mage.

Vanquished Creatures
  2 two-headed ogres (D:8)
  Pikel (D:5)
  4 ugly things
  Psyche (D:8)
  A centaur skeleton (D:12)
  A troll (D:9)
  3 slime creatures (D:12)
  A hippogriff (D:12)
  Sigmund (D:6)
  A shadow (D:12)
  4 yaks
  A wyvern (D:10)
  6 wraiths
  Eustachio (D:5)
  2 vampire mosquitoes (D:12)
  Grum (D:8)
  Menkaure (D:6)
  A water moccasin (D:7)
  A black bear (D:12)
  An ice beast (D:5)
  6 orc warriors
  4 ogres
  An eye of draining (D:10)
  4 sky beasts
  A necrophage (D:7)
  2 phantoms
  3 centaurs
  4 wolves
  A big kobold (D:8)
  A gnoll sergeant (D:10)
  5 bullfrogs
  A wyvern skeleton (D:9)
  5 scorpions
  Dowan (D:7)
  9 wights
  3 howler monkeys
  A bullfrog zombie (D:9)
  8 crimson imps
  2 centaur zombies
  A jelly (D:8)
  5 hounds
  Crazy Yiuf (D:7)
  A gnoll shaman (D:7)
  4 orc priests
  A bullfrog skeleton (D:7)
  5 iguanas
  9 worker ants
  8 orc wizards
  A killer bee zombie (D:6)
  A hound zombie (D:8)
  A howler monkey zombie (D:10)
  Robin (D:2)
  15 gnolls
  9 adders
  3 shadow imps (D:6)
  2 adder skeletons
  3 adder zombies
  3 worms
  5 dart slugs
  10 leopard geckos
  54 orcs
  3 ball pythons
  3 giant cockroaches
  16 goblins
  9 hobgoblins
  10 jackals
  8 kobolds
  6 quokkas
  6 bats
  3 frilled lizards
  A leopard gecko skeleton (D:8)
  A quokka skeleton (D:5)
  3 rats
309 creatures vanquished.

Vanquished Creatures (collateral kills)
  A deep elf mage (D:12)
  A gargoyle (D:12)
  A hippogriff (D:12)
  A yak (D:12)
  An eye of draining (D:12)
  A big kobold (D:12)
  2 bullfrogs (D:12)
  A bullfrog zombie (D:12)
  A jelly (D:12)
  An orc priest (D:12)
  A hound (D:12)
  A bullfrog skeleton (D:12)
  4 orcs (D:12)
17 creatures vanquished.

Vanquished Creatures (others)
  An orc wizard (D:4)
1 creature vanquished.

Grand Total: 327 creatures vanquished

Notes
Turn   | Place    | Note
-------+----------+-------------------------------------------
     0 | D:1      | wolfsongas the Octopode Assassin began the quest for the
                  | Orb.
     0 | D:1      | Reached XP level 1. HP: 14/14 MP: 1/1
    91 | D:1      | Reached XP level 2. HP: 19/19 MP: 2/2
   236 | D:1      | Reached skill level 6 in Stealth
   386 | D:1      | Reached XP level 3. HP: 19/24 MP: 3/3
   833 | D:2      | Found an iron altar of Okawaru.
   889 | D:2      | Found a faded altar of an unknown god.
   903 | D:2      | Became a worshipper of Trog the Wrathful
   903 | D:2      | Reached * piety under Trog
  1168 | D:2      | Found a white marble altar of Elyvilon.
  1210 | D:2      | Noticed Robin
  1226 | D:2      | Killed Robin
  1226 | D:2      | Reached XP level 4. HP: 7/29 MP: 4/4
  1230 | D:2      | HP: 2/43 [hobgoblin[Robin] (6)]
  1657 | D:2      | Found a burning altar of Makhleb.
  1658 | D:2      | Found a radiant altar of Vehumet.
  1905 | D:3      | Reached ** piety under Trog
  2260 | D:3      | Reached skill level 7 in Stealth
  2420 | D:3      | Reached XP level 5. HP: 33/35 MP: 5/5
  2868 | D:4      | Found a staircase to the Ecumenical Temple.
  3125 | D:4      | Reached XP level 6. HP: 42/42 MP: 6/6
  3133 | D:4      | Reached skill level 8 in Stealth
  4151 | D:5      | Entered Level 5 of the Dungeon
  4152 | D:5      | Noticed an ice beast
  4157 | D:5      | Killed an ice beast
  4157 | D:5      | Reached XP level 7. HP: 46/46 MP: 7/7
  4178 | D:5      | Reached skill level 9 in Stealth
  4516 | D:5      | Found a shadowy altar of Dithmenos.
  4516 | D:5      | Found a sparkling altar of Nemelex Xobeh.
  4691 | D:5      | Noticed Pikel
  4705 | D:5      | Killed Pikel
  4705 | D:5      | Reached skill level 5 in Short Blades
  4705 | D:5      | Reached skill level 10 in Stealth
  4705 | D:5      | Reached XP level 8. HP: 39/54 MP: 8/8
  4707 | D:5      | Noticed Eustachio
  4713 | D:5      | Killed Eustachio
  4713 | D:5      | Reached skill level 5 in Fighting
  4996 | D:6      | Noticed Sigmund
  4999 | D:6      | Killed Sigmund
  5000 | D:6      | Found Rostyac's Jewellery Emporium.
  5034 | D:6      | Reached *** piety under Trog
  5121 | D:6      | Noticed Menkaure
  5131 | D:6      | Killed Menkaure
  5293 | D:6      | Gained mutation: Your flesh is heat resistant. (rF+)
                  | [potion of mutation]
  5293 | D:6      | Gained mutation: You are partially covered in iridescent
                  | scales. (AC +2) [potion of mutation]
  5293 | D:6      | Gained mutation: You expend magic power (3 MP) to
                  | strengthen your wands. [potion of mutation]
  5293 | D:6      | Gained mutation: You are robust. (+10% HP) [potion of
                  | mutation]
  5379 | D:6      | Reached XP level 9. HP: 66/68 MP: 9/9
  5507 | D:6      | Found Ziqixugi's Distillery.
  5599 | D:6      | Found a glowing golden altar of the Shining One.
  5699 | D:6      | Found Edwijo's Antique Armour Emporium.
  5869 | D:7      | Reached skill level 1 in Shields
  6050 | D:7      | Found a shimmering blue altar of Sif Muna.
  6440 | D:7      | Reached skill level 11 in Stealth
  6804 | D:7      | Noticed Dowan
  6827 | D:7      | Killed Dowan
  7240 | D:7      | Found a runed translucent door.
  7241 | D:7      | Noticed Crazy Yiuf
  7248 | D:7      | Killed Crazy Yiuf
  7412 | D:8      | Reached **** piety under Trog
  7635 | D:8      | You fall into a shaft and drop 2 floors!
  7635 | D:10     | Entered Level 10 of the Dungeon
  7655 | D:10     | Reached skill level 12 in Stealth
  7918 | D:8      | Noticed Grum
  7918 | D:8      | Noticed Psyche
  7919 | D:8      | Reached XP level 10. HP: 79/79 MP: 10/10
  8219 | D:9      | Reached skill level 13 in Stealth
  8223 | D:9      | Found a shimmering altar of Xom.
  8232 | D:9      | Found a shimmering altar of Xom.
  8234 | D:9      | Found a shimmering altar of Xom.
  8234 | D:9      | Found a shimmering altar of Xom.
  8297 | D:9      | Found a staircase to the Orcish Mines.
  8791 | D:8      | Noticed a two-headed ogre
  8813 | D:8      | Killed a two-headed ogre
  9149 | D:8      | Noticed LobsterGuardian's ghost (novice TeCj)
  9201 | D:8      | Killed Grum
  9201 | D:8      | Reached skill level 14 in Stealth
  9313 | D:8      | Reached skill level 1 in Evocations
  9378 | D:8      | Found a runed translucent gate.
  9378 | D:8      | Found a runed translucent gate.
  9378 | D:8      | Found a runed translucent gate.
  9685 | D:8      | Found a sacrificial altar of Ru.
  9706 | D:8      | Killed Psyche
  9776 | D:8      | Noticed a two-headed ogre
  9784 | D:8      | Killed a two-headed ogre
  9784 | D:8      | Reached XP level 11. HP: 88/88 MP: 12/12
  9915 | D:8      | Found the +5 scythe "Finisher" {speed, eviscerate}
  9926 | D:8      | Reached ***** piety under Trog
  9926 | D:8      | Received a gift from Trog
 10266 | D:10     | Reached skill level 15 in Stealth
 10879 | D:11     | Noticed a red ugly thing
 10882 | D:11     | Killed a red ugly thing
 10990 | D:11     | Noticed a cyan ugly thing
 10991 | D:11     | Noticed a brown ugly thing
 10998 | D:11     | Noticed a seven-headed hydra
 11002 | D:11     | Killed a cyan ugly thing
 11009 | D:11     | Killed a brown ugly thing
 11267 | D:11     | Noticed Gastronok
 11268 | D:11     | You fall into a shaft and drop 1 floor!
 11269 | D:12     | Noticed a brown ugly thing
 11282 | D:12     | Killed a brown ugly thing
 11282 | D:12     | Reached skill level 5 in Evocations
 11285 | D:12     | Reached skill level 10 in Fighting
 11410 | D:12     | Received a gift from Trog
 11496 | D:12     | Reached skill level 10 in Short Blades
 11656 | D:12     | Noticed a deep elf mage
 11661 | D:12     | Reached XP level 12. HP: 50/96 MP: 17/17
 11714 | D:12     | Found a runed translucent door.
 11715 | D:12     | Found a runed translucent door.
 11715 | D:12     | Noticed a two-headed ogre
 11717 | D:12     | Found a runed translucent door.
 11717 | D:12     | Noticed a six-headed hydra
 11717 | D:12     | Noticed a four-headed hydra
 11723 | D:12     | Noticed a centaur warrior
 11728 | D:12     | Noticed a tengu warrior
 11729 | D:12     | Killed from afar by a deep elf mage

Levels and vault maps discovered:
D:1:      minmay_arrival_solitary_statue, layout_basic, item_on_display_a
D:2:      layout_basic, gammafunk_temple_overflow_statue,
          okawaru_ov_weapons_minmay, elyvilon_altar_3,
          chequers_ecumenical_altar_simple, first_ration, uniq_robin
D:3:      layout_basic
D:4:      layout_gridville, minmay_temple_entry_gardened_gates
D:5:      layout_cave_pools, amethyst_overflow_temple_binary, uniq_pikel,
          uniq_eustachio
D:6:      layout_cave_pools, tso_oasis_becter, serial_shops,
          nicolae_shop_overgrown_old_shop, nicolae_shop_waterfront, shop,
          uniq_menkaure, uniq_sigmund
D:7:      layout_rooms, lemuel_coloured_pillars_altar, grunt_ogre_cave,
          minmay_crystal_room, uniq_duvessa, uniq_crazy_yiuf_cottage
D:8:      layout_basic, nicolae_ru_path_of_blood, gammafunk_ghost_icy,
          minmay_guarded_unrand_finisher, uniq_grum, uniq_psyche
D:9:      layout_rooms, xom_redecorated, david_orc_2, eino_tiny_chamber
D:10:     layout_basic
D:11:     layout_roguey, minmay_lair_entry_grove, serial_shops, shop,
          chequers_serial_rivers_large_a, grunt_dithmenos_smoke_and_mirrors,
          uniq_gastronok
D:12:     minmay_the_grid_triangle_9x9_recursive_3_mashed
          [minmay_the_grid_triangle_9x9_from_above,
          minmay_the_grid_triangle_9x9_intruding_spiral,
          minmay_the_grid_triangle_9x9_fully_insulated_deathbox,
          minmay_the_grid_triangle_9x9_prize_special,
          minmay_the_grid_triangle_9x9_minimal,
          minmay_the_grid_triangle_9x9_skeleton,
          minmay_the_grid_triangle_9x9_descending_squares,
          minmay_the_grid_triangle_9x9_windchime,
          minmay_the_grid_triangle_9x9_longest], layout_cave_pods,
          gauntlet_entry_generic, minmay_microvault

Skill      XL: |  1  2  3  4  5  6  7  8  9 10 11 12 |
---------------+-------------------------------------+-----
Stealth        | 6 7 8 10 12 14 15 | 15.0
Short Blades   | 3 4 5 6 7 9 10 | 10.3
Fighting       | 3 4 6 8 9 10 | 10.4
Shields        | 1 |  1.9
Evocations     | 2 6 7 |  7.1
Throwing       | |  2.0
Dodging        | |  1.7

Action                   |  1- 3 |  4- 6 |  7- 9 | 10-12 || total
-------------------------+-------+-------+-------+-------++-------
Melee: Dagger            |    58 |   107 |   290 |   205 ||   660
       Constrict         |    11 |    33 |    60 |    54 ||   158
       Tentacles         |     4 |    16 |    70 |    96 ||   186
       Quick blade       |       |       |       |   189 ||   189
Invok: Berserk           |     1 |     6 |     7 |    11 ||    25
       Trog's Hand       |       |     2 |     5 |     2 ||     9
       Brothers in Arms  |       |       |       |     2 ||     2
Evoke: Wand              |       |       |     1 |     3 ||     4
  Use: Scroll            |     1 |     6 |     8 |     4 ||    19
       Potion            |       |     4 |     7 |     3 ||    14
 Stab: Sleeping          |    15 |    13 |    16 |    25 ||    69
       Distracted        |       |       |     3 |       ||     3
  Eat: Chunk             |     1 |     1 |     7 |     4 ||    13
       Ration            |       |     5 |     4 |     5 ||    14
Armor: Skin              |     2 |     6 |    21 |    18 ||    47
Dodge: Dodged            |    17 |    52 |   122 |   121 ||   312
Block: Buckler           |       |       |    41 |    50 ||    91

Table legend:
 A = Non-vault XP
 B = Vault XP
 C = Vault XP percentage of total XP
 D = Non-vault monster count
 E = Vault monster count
 F = Vault count percentage of total count
                 A         B        C        D         E       F
            +---------+---------+-------+---------+---------+-------
      Total |   13995 |    5355 |  27.7 |     274 |      53 |  16.2
            +---------+---------+-------+---------+---------+-------
        D:1 |      45 |       0 |   0.0 |      22 |       0 |   0.0
        D:2 |      18 |      37 |  67.3 |       6 |      13 |  68.4
        D:3 |     127 |       0 |   0.0 |      34 |       0 |   0.0
        D:4 |     273 |       0 |   0.0 |      17 |       0 |   0.0
        D:5 |     416 |     741 |  64.0 |      16 |       2 |  11.1
        D:6 |     462 |     395 |  46.1 |      18 |       2 |  10.0
        D:7 |    1411 |     235 |  14.3 |      41 |       3 |   6.8
        D:8 |    2614 |    1969 |  43.0 |      27 |      10 |  27.0
        D:9 |    1521 |     515 |  25.3 |      26 |       8 |  23.5
       D:10 |    1173 |       0 |   0.0 |      28 |       0 |   0.0
       D:11 |    2501 |       0 |   0.0 |      10 |       0 |   0.0
       D:12 |    3434 |    1463 |  29.9 |      29 |      15 |  34.1
            +---------+---------+-------+---------+---------+-------
